 Dungeon Crawl Stone Soup version 0.31-a0-198-g2ad674f65e (webtiles) character file.

Game seed: 6500147218626368882

44 qw the Shooter (level 3, -9/20 HPs)
             Began as a Deep Elf Hunter on June 25, 2023.
             Mangled by Sigmund
             ... wielding a +3 heavy scythe
              (13 damage)
             ... on level 2 of the Dungeon.
             The game lasted 00:00:22 (1172 turns).

qw the Shooter (Deep Elf Hunter)                    Turns: 1172, Time: 00:00:23

Health: -9/20      AC:  4    Str: 10    XL:     3   Next: 39%
Magic:  5/5        EV: 12    Int: 13    God:
Gold:   125        SH:  0    Dex: 18    Spells: 2/2 levels left

rFire   . . .        Y - +0 shortbow
rCold   . . .        (shield currently unavailable)
rNeg    . . .        c - +0 leather armour
rPois   .            e - +0 helmet
rElec   .            (no cloak)
rCorr   .            (no gloves)
SInv    .            (no boots)
Will    .....        (no amulet)
Stlth   ++           (no ring)
HPRegen 0.23/turn    (no ring)
MPRegen 0.09/turn

%: no passive effects
@: no status effects
A: no striking features
a: no special abilities


You were on level 2 of the Dungeon.
You visited 1 branch of the dungeon, and saw 2 of its levels.

You collected 125 gold pieces.


   Skills:
 - Level 1.5 Fighting
 + Level 7.0 Ranged Weapons
 - Level 2.4 Dodging
 - Level 1.2 Stealth


You had 2 spell levels left.
You didn't know any spells.
Your spell library was empty.

Inventory:

Hand Weapons
 Y - a +0 shortbow (weapon)
Armour
 c - a +0 leather armour (worn)
 e - a +0 helmet (worn)
Scrolls
 f - a scroll of identify
Potions
 a - a potion of cancellation {unknown}
 b - a potion of enlightenment {unknown}
 d - a potion of resistance {unknown}

Dungeon Overview and Level Annotations

Branches:
Dungeon (2/15)

Altars:

Annotations:
D:2 Sigmund


Message History

Enter note:
Enter note:
Enter note:
Enter note:
Enter note:
Enter note:
Enter note:
Enter note:
Enter note:
Enter note:
Enter note:
Enter note:
Enter note:
Enter note:
Enter note:
1164 ||| FLEEEEING.
1165 ||| FLEEEEING.
Enter note:
Enter note:
Enter note:
Enter note:
Enter note:
Enter note:
Enter note:
Enter note:
Enter note:
Enter note:
Enter note:
Enter note:
Enter note:
1166 ||| FLEEEEING.
Sigmund points at you and mumbles some strange words.
You are confused.
Sigmund hits you but does no damage.
You feel less confused.
You shoot an arrow. The arrow hits Sigmund!
Sigmund is heavily wounded.
Sigmund hits you from afar with a +3 heavy scythe!
Ouch! That really hurt!
You die...

####. .. ## ... ..###.#
####. ##... ...#..
#.#.#.... #..8. .8...
.#.#.#.##. #.... ...#
..#...#.#..
#...###.###..#.#.#.#.#
#...#...#...#...%...#
###.8.@.8...8.#.#.#.###
..#...#...#...#.#.#....
#.#.@###.###..#.....###
######@#...#...#...#.....#
.......#.8...8...8.#.....#
......)............#.....#
.......######......#.....#
....... #.......#.#.....#
.^..... +.......#.#....<#


You could see Sigmund.

Vanquished Creatures
  An adder (D:2)
  A worm (D:2)
  2 dart slugs (D:1)
  6 ball pythons (D:1)
  3 endoplasms
  3 hobgoblins (D:1)
  A kobold (D:1)
  3 bats
  4 frilled lizards
  3 goblins (D:1)
  3 rats
30 creatures vanquished.

Notes
Turn   | Place    | Note
-------+----------+-------------------------------------------
     0 | D:1      | qw the Deep Elf Hunter began the quest for the Orb.
     0 | D:1      | Reached XP level 1. HP: 12/12 MP: 3/3
     0 | D:1      | 0 ||| qw: Version: 0.3-a-22-g0ed2b0b
     0 | D:1      | 0 ||| qw: Game counter: 5447
     0 | D:1      | 0 ||| qw: Melee chars always use a shield: true
     0 | D:1      | 0 ||| qw: God list: Okawaru
     0 | D:1      | 0 ||| qw: Allow faded altars: false
     0 | D:1      | 0 ||| qw: Do Orc after clearing Dungeon:15 true
     0 | D:1      | 0 ||| qw: Do second Lair branch before Depths: true
     0 | D:1      | 0 ||| qw: Lair rune preference: random
     0 | D:1      | 0 ||| qw: Goals: Normal
     0 | D:1      | 0 ||| PLANNING D:1-11
    57 | D:1      | Reached XP level 2. HP: 16/16 MP: 4/4
    71 | D:1      | Reached skill level 6 in Ranged Weapons
    99 | D:1      | 99 ||| FLEEEEING.
   766 | D:1      | 766 ||| UPGRADING to +0 helmet.
   771 | D:1      | 771 ||| READING 2 scrolls labelled JOUSSO ELUR.
   772 | D:1      | 772 ||| READING scroll labelled AMAPNA LOKLU.
   773 | D:1      | 773 ||| DROPPING scroll of blinking.
   774 | D:1      | 774 ||| DROPPING scroll of butterflies.
   881 | D:2      | Reached XP level 3. HP: 20/20 MP: 5/5
  1134 | D:2      | Reached skill level 7 in Ranged Weapons
  1158 | D:2      | Noticed Sigmund
  1159 | D:2      | HP: 1/20 [Sigmund/+3 heavy scythe (19)]
  1164 | D:2      | 1164 ||| FLEEEEING.
  1165 | D:2      | 1165 ||| FLEEEEING.
  1166 | D:2      | 1166 ||| FLEEEEING.
  1172 | D:2      | Mangled by Sigmund

Levels and vault maps discovered:
D:1:      tarquinn_simple_flora_water_a, layout_basic
D:2:      layout_basic, ebering_ecumenical_altar_mist, minmay_misc_feat_iff,
          minmay_misc_feat_four_crosses, uniq_sigmund

Skill      XL: |  1  2  3 |
---------------+----------+-----
Ranged Weapons | 6 7 |  7.0
Fighting       | |  1.5
Dodging        | |  2.4
Stealth        | |  1.2

Action                     || total
---------------------------++-------
   Fire: Shortbow          ||    67
    Use: Scroll            ||     2
 Armour: Leather armour    ||     7
  Dodge: Dodged            ||     4

Table legend:
 A = Non-vault XP
 B = Vault XP
 C = Vault XP percentage of total XP
 D = Non-vault monster count
 E = Vault monster count
 F = Vault count percentage of total count
                 A         B        C        D         E       F
            +---------+---------+-------+---------+---------+-------
      Total |      63 |       0 |   0.0 |      30 |       0 |   0.0
            +---------+---------+-------+---------+---------+-------
        D:1 |      38 |       0 |   0.0 |      23 |       0 |   0.0
        D:2 |      25 |       0 |   0.0 |       7 |       0 |   0.0
            +---------+---------+-------+---------+---------+-------
